 Dungeon Crawl Stone Soup version 0.21.1-1-g345015fe64 (webtiles) character file.

361 Tilo the Ducker (level 6, -1/28 HPs)
             Began as a Felid Summoner on Mar 2, 2018.
             Was a Follower of Sif Muna.
             Slain by a bullfrog (7 damage)
             ... on level 7 of the Dungeon.
             The game lasted 00:53:03 (9656 turns).

Tilo the Ducker (Felid Summoner)                    Turns: 9656, Time: 00:53:04

Health: -1/28      AC:  2    Str:  4    XL:     6   Next: 38%
Magic:  4/12       EV: 23    Int: 21    God:    Sif Muna [*.....]
Gold:   384        SH:  0    Dex: 16    Spells: 2/12 levels left
                                        Lives:  0   Deaths: 2

rFire    . . .     SeeInvis +   (weapon unavailable)
rCold    + . .     Gourm    .   (shield unavailable)
rNeg     . . .     Faith    .   (armour unavailable)
rPois    .         Spirit   .   (helmet unavailable)
rElec    .         Reflect  .   (cloak unavailable)
rCorr    .         Harm     .   (gloves unavailable)
MR       .....                  (boots unavailable)
Stlth    +++.......             (no amulet)
HPRegen  0.09/turn              i - ring of protection from cold
MPRegen  0.13/turn              l - +2 ring of intelligence

@: drained, quick
A: very small, no armour, no weapons or thrown items, stealth, claws 1, fangs 3,
see invisible, carnivore, speed 1, shaggy fur 2, slow metabolism 1, sharp paws
a: Divine Energy, Renounce Religion


You were on level 7 of the Dungeon.
You worshipped Sif Muna.
Sif Muna was aware of your devotion.
You were full.

You visited 2 branches of the dungeon, and saw 8 of its levels.

You collected 384 gold pieces.

Inventory:

Jewellery
 i - a ring of protection from cold (left paw)
 l - a +2 ring of intelligence (right paw)
 r - an uncursed ring of positive energy
Wands
 o - a wand of paralysis (6)
 v - a wand of digging (18)
Scrolls
 d - 4 scrolls of identify
 f - a scroll of teleportation {unknown}
 h - a scroll of fear
 j - a scroll of noise {unknown}
 k - 2 scrolls of amnesia {unknown}
 m - a scroll of blinking {unknown}
 q - a scroll of random uselessness {unknown}
 s - 2 scrolls of remove curse {unknown}
 t - a scroll of immolation {unknown}
Potions
 c - 2 potions of haste {unknown}
 e - a potion of flight {unknown}
 g - 2 potions of brilliance
 n - 2 potions of curing {unknown}
 p - 3 potions of heal wounds {unknown}
 u - 3 potions of lignification {unknown}
 w - a potion of invisibility {unknown}
 x - a potion of agility {unknown}
 z - a potion of resistance {unknown}
Books
 a - a book of Callings

   Spells                             Type                      Level
   a - Summon Small Mammal            Summoning                    1
   b - Call Imp                       Summoning                    2
   c - Call Canine Familiar           Summoning                    3
   d - Summon Guardian Golem          Hexes/Summoning              3
   e - Summon Lightning Spire         Summoning/Air                4
   f - Summon Ice Beast               Ice/Summoning                4
Comestibles
 b - 13 rations
 A - a chunk of flesh


   Skills:
 + Level 3.3(3.1) Fighting
 * Level 7.4(7.2) Dodging
 - Level 2.6(2.4) Stealth
 + Level 3.8(3.6) Spellcasting
 * Level 6.6(6.3) Summonings


You had 2 spell levels left.
You knew the following spells:

 Your Spells              Type           Power        Failure   Level  Hunger
a - Summon Small Mammal   Summ           ####         1%          1    None
b - Call Imp              Summ           ####....     1%          2    ##.....
c - Call Canine Familiar  Summ           ####....     2%          3    ###....
d - Summon Lightning Spi  Summ/Air       ###.....     32%         4    ####...


Dungeon Overview and Level Annotations

Branches:
Dungeon (7/15)             Temple (1/1) D:5

Altars:
Cheibriados
Dithmenos
Elyvilon
Fedhas
Gozag
Hepliaklqana
Kikubaaqudgha
Nemelex Xobeh
Qazlal
Ru
Sif Muna
Trog
Uskayaw
Wu Jian
Xom
Yredelemnul

Annotations:
D:7 Prince Ribbit


Innate Abilities, Weirdness & Mutations

You cannot wear armour.
You are incapable of wielding weapons or throwing items.
Your paws allow you to move quietly. (Stealth)
You have sharp claws.
You have razor-sharp teeth.
You have supernaturally acute eyesight. (SInv)
You are carnivorous and can eat meat at any time.
You cover ground quickly.
You are covered in thick fur. (AC +2)
You have a slow metabolism.
Your sharp claws are effective at attacking unaware monsters.


Message History

The wraith drains your hound's vigour!
Your hound seems to slow down.
You scratch the crimson imp but do no damage.
You bite the crimson imp.
The crimson imp is lightly wounded.
Your hound closely misses the wraith.
The crimson imp completely misses you.
The wraith hits your hound but does no damage.
You closely miss the crimson imp.
Your hound closely misses the wraith.
The crimson imp blinks!
The wraith hits your hound!
Your hound dies!
Your hound's corpse disappears in a puff of smoke!
The crimson imp blinks!
The bullfrog completely misses you.
Found an emerald ring.
Found a blossoming altar of Fedhas.
The bullfrog completely misses you.
The bullfrog swells and bulges.
The crimson imp blinks!
The bullfrog completely misses you. The bullfrog hits you!
You die...

#..##..#############........#.
#..##'###.....(. ...Wo...... .
#...'...#...._... .........#
#..##...#........ #.oo #..###
#..##.(.#.....5. #...##..##.
#..##..##.....# #..........
#..##..##.....# ##..........
#.............# #........##.
#..........W.@# ##...##..###
#...........F.######...##..##.
#......##.....##..##....#..+..
#..##..#########...#....#..###
#..##..##>........##...##..##.
#.............##..##...##..##.
#.............##..##........#.
#..##..##...................#.
#..##..##.....##..##..#######.


You could see a wraith, a bullfrog and a crimson imp.

Vanquished Creatures
  An orc warrior (D:6)
  A centaur (D:6)
  A hound (D:4)
  A bullfrog skeleton (D:5)
  A worker ant (D:5)
  3 adders
  A gnoll (D:6)
  2 oozes
  An adder skeleton (D:6)
  7 leopard geckos
  5 orcs
  3 bats (D:1)
  3 giant cockroaches
  3 goblins
  2 hobgoblins
  A kobold (D:1)
  3 quokkas
  5 frilled lizards
  A quokka skeleton (D:6)
  A quokka zombie (D:5)
  A rat (D:2)
47 creatures vanquished.

Vanquished Creatures (collateral kills)
  A spriggan (D:7)
  An ice beast (D:6)
  An ogre (D:5)
  3 phantoms
  A centaur (D:6)
  A water moccasin skeleton (D:4)
  A scorpion (D:7)
  2 crimson imps
  2 bullfrog skeletons
  A hound (D:4)
  A jelly (D:6)
  An orc priest (D:7)
  An orc wizard (D:7)
  Terence (D:3)
  Ijyb (D:3)
  3 iguanas
  3 worker ants
  3 gnolls (D:6)
  4 adders
  5 worms
  3 dart slugs
  A leopard gecko (D:3)
  12 orcs
  A ball python (D:5)
  2 giant cockroaches
  2 gnoll zombies (D:2)
  6 goblins
  5 hobgoblins
  6 jackals
  9 kobolds
  2 quokkas
  2 bats
  5 rats
  A butterfly (D:5)
94 creatures vanquished.

Grand Total: 141 creatures vanquished

Notes
Turn   | Place    | Note
-------+----------+-------------------------------------------
     0 | D:1      | Tilo the Felid Summoner began the quest for the Orb.
     0 | D:1      | Reached XP level 1. HP: 7/7 MP: 4/4
   302 | D:1      | Reached skill level 3 in Dodging
   558 | D:1      | Reached XP level 2. HP: 12/12 MP: 3/6
   562 | D:1      | Learned a level 2 spell: Call Imp
  1554 | D:2      | Reached XP level 3. HP: 12/15 MP: 1/7
  2294 | D:2      | Reached skill level 1 in Fighting
  2334 | D:2      | Found a basalt altar of Yredelemnul.
  2486 | D:3      | Noticed Terence
  2487 | D:3      | Noticed Ijyb
  3033 | D:3      | Reached skill level 4 in Dodging
  3240 | D:3      | Reached XP level 4. HP: 19/19 MP: 5/8
  3264 | D:3      | Learned a level 3 spell: Call Canine Familiar
  3282 | D:3      | Found a sparkling altar of Nemelex Xobeh.
  3522 | D:3      | Killed Terence
  3665 | D:3      | Killed Ijyb
  4050 | D:3      | Reached XP level 5. HP: 22/22 MP: 4/9
  4577 | D:4      | Reached skill level 5 in Summonings
  5014 | D:4      | Noticed a phantom
  5082 | D:4      | Killed a phantom
  5082 | D:4      | Reached skill level 5 in Dodging
  5164 | D:4      | Noticed a phantom
  5239 | D:4      | Killed a phantom
  5239 | D:4      | Gained mutation: You are covered in thick fur. (AC +2) [Felid growth]
  5239 | D:4      | Reached XP level 6. HP: 24/26 MP: 6/11
  5320 | D:4      | Learned a level 4 spell: Summon Lightning Spire
  5645 | D:5      | Entered Level 5 of the Dungeon
  5768 | D:5      | Found a staircase to the Ecumenical Temple.
  5804 | Temple   | Entered the Ecumenical Temple
  5813 | Temple   | Became a worshipper of Sif Muna the Loreminder
  5968 | D:5      | Noticed an orc warrior
  6796 | D:5      | Reached skill level 6 in Dodging
  6821 | D:5      | Found an ancient bone altar of Kikubaaqudgha.
  6880 | D:5      | Found an ornate altar of the Wu Jian Council.
  7243 | D:6      | Reached XP level 7. HP: 25/30 MP: 1/12
  8917 | D:7      | Noticed Prince Ribbit
  8926 | D:7      | Reached * piety under Sif Muna
  8926 | D:7      | Reached skill level 7 in Dodging
  8965 | D:7      | Slain by Prince Ribbit
  8966 | D:7      | Reached XP level 6. HP: -5/28 MP: 1/12
  9033 | D:7      | Slain by a killer bee
  9034 | D:7      | Reached XP level 5. HP: -2/24 MP: 1/11
  9203 | D:7      | Noticed a spriggan baker
  9213 | D:7      | Killed a spriggan baker
  9213 | D:7      | Reached XP level 6. HP: 11/28 MP: 3/12
  9500 | D:7      | Noticed a wraith
  9581 | D:7      | HP: 1/28 [wraith (6)]
  9648 | D:7      | Found a blossoming altar of Fedhas.
  9656 | D:7      | Slain by a bullfrog

Skill      XL: |  1  2  3  4  5  6  7 |
---------------+----------------------+-----
Dodging        | 3 4 5 6 7 |  7.4
Fighting       | 1 2 3 |  3.3
Summonings     | 5 6 |  6.6
Spellcasting   | 3 |  3.8
Stealth        | |  2.6

Action                   |  1- 3 |  4- 6 |  7- 9 || total
-------------------------+-------+-------+-------++-------
Melee: Unarmed           |    72 |   172 |   108 ||   352
       Bite              |     2 |    15 |     9 ||    26
 Cast: Summon Small Mamm |    21 |     3 |       ||    24
       Call Imp          |    33 |    52 |    19 ||   104
       Call Canine Famil |       |    36 |    16 ||    52
       Summon Lightning  |       |     1 |       ||     1
  Use: Scroll            |     3 |     3 |       ||     6
 Stab: Sleeping          |     6 |     6 |     4 ||    16
       Distracted        |       |     1 |     2 ||     3
  Eat: Chunk             |    14 |    16 |     4 ||    34
Armor: Skin              |     5 |     7 |     5 ||    17
Dodge: Dodged            |   108 |   213 |    99 ||   420
